 Dungeon Crawl Stone Soup version 0.18-a0-1797-gc18daef (webtiles) character file.

8395 Kidiri the Fighter (level 11, -3/108 HPs)
             Began as a Hill Orc Monk on Apr 21, 2016.
             Was an Elder of Beogh.
             Slain by a yak (18 damage)
             ... on level 11 of the Dungeon on Apr 22, 2016.
             The game lasted 00:50:01 (14616 turns).

Kidiri the Fighter (Hill Orc Monk)                 Turns: 14616, Time: 00:50:01

Health: -3/108     AC: 13    Str: 23    XL:     11   Next: 30%
Magic:  3/5        EV: 22    Int: 14    God:    Beogh [****..]
Gold:   566        SH:  6    Dex: 17    Spells: 0 memorised, 10 levels left

rFire  . . .     SeeInvis .       - Unarmed
rCold  + . .     Gourm    .     y - +1 robe "Ukarph" {rN+ MP-9 Str+5 Dex-3} (curse)
rNeg   + . .     Faith    .     (no shield)
rPois  .         Spirit   .     m - +1 helmet
rElec  .         Dismiss  .     C - +2 cloak
rCorr  .         Reflect  +     A - +0 pair of gloves
SustAt .         Harm     .     p - +1 pair of boots
MR     .....                    b - +6 amulet of reflection
Stlth  ++++......               (no ring)
                                v - ring of protection from cold

@: agile, not resistant to hostile enchantments, stealthy
A: fangs 1, hooves 1, clever 2, sense surroundings 2, robust 1, strong 1
a: Smiting, Recall Orcish Followers, Renounce Religion


You were on level 11 of the Dungeon.
You worshipped Beogh.
Beogh was greatly pleased with you.
You were hungry.

You visited 2 branches of the dungeon, and saw 12 of its levels.

You collected 566 gold pieces.

Inventory:

Missiles
 q - 8 javelins (quivered)
 F - 5 javelins of returning
 J - 3 tomahawks
Armour
 a - a +1 robe
 c - a +0 leather armour
 m - a +1 helmet (worn)
 p - a +1 pair of boots (worn)
 y - the cursed +1 robe "Ukarph" (worn) {rN+ MP-9 Str+5 Dex-3}
   (You found it on level 10 of the Dungeon)

   It affects your strength (+5).
   It affects your dexterity (-3).
   It protects you from negative energy.
   It affects your magic capacity (-9).
   It has a curse placed upon it.
 A - a +0 pair of gloves (worn)
 C - a +2 cloak (worn)
 G - a +0 shield
Jewellery
 b - a +6 amulet of reflection (around neck)
 v - a ring of protection from cold (left hand)
 E - an uncursed amulet of magic regeneration
Wands
 h - a wand of paralysis (9/24)
 k - a wand of slowing (22/48)
 o - a wand of lightning (0/15)
 x - a wand of polymorph (13/24)
 D - a wand of iceblast (8/15)
 K - a wand of acid (8/15)
Scrolls
 d - 3 scrolls of remove curse
 f - a scroll of recharging
 l - 2 scrolls of fog
 r - 2 scrolls of amnesia
 s - 4 scrolls of teleportation
 t - a scroll of fear
 w - a scroll of holy word
 z - a scroll of vulnerability
 H - a scroll of acquirement {unknown}
Potions
 e - a potion of brilliance
 g - a potion of might
 j - 2 potions of cancellation
 B - a potion of flight
Comestibles
 i - 4 meat rations
 n - 4 bread rations
 u - 5 chunks of flesh
 L - 3 fruits


   Skills:
 * Level 10.0 Fighting
 + Level 4.7 Throwing
 + Level 5.4 Armour
 * Level 7.1 Dodging
 + Level 5.6 Stealth
 * Level 10.0 Unarmed Combat
 + Level 5.1 Invocations


You had 10 spell levels left.
You didn't know any spells.

Dungeon Overview and Level Annotations

Branches:
Dungeon (11/15)            Temple (1/1) D:6             Orc (0/2) D:11
   Lair: D:8-11

Altars:
Ashenzari
Cheibriados
Dithmenos
Elyvilon
Fedhas
Gozag
Kikubaaqudgha
Makhleb
Nemelex Xobeh
Okawaru
Pakellas
Qazlal
Ru
Sif Muna
Trog
Vehumet
Xom
Yredelemnul
Zin
The Shining One

Shops:
D:11 ?


Innate Abilities, Weirdness & Mutations

You have very sharp teeth.
You have large cloven feet.
Your mind is very acute. (Int +4)
You passively map the area around you.
You are robust (+10% HP).
Your muscles are strong. (Str +2)


Message History

You punch the yak!
You kill the yak!
Beogh accepts your kill.
You punch the yak!
The yak is lightly wounded.
The yak completely misses you.
You hit the yak. You bite the yak, but do no damage.
The yak is moderately wounded.
The yak gores you!
* * * LOW HITPOINT WARNING * * *
You barely miss the yak.
The yak is moderately wounded.
The yak misses you.
You barely miss the yak. You punch the yak, but do no damage.
The yak is moderately wounded.
The crimson imp blinks!
The yak barely misses you.
You completely miss the yak.
The yak is moderately wounded.
The yak gores you!!
You die...

#..# #.#.......####5....#######
#..# #.#....##.#.....8.....#...
#..###.#....##.#...........#...
#......#.................[.....
#......#.......58Y...>....8.>..
#......#.)..............(......
#......#.(...§Y#.......)...#...
#......#....##Y#.....8.....#...
#......#...)##@####..†..####...
#......#....(#).......### #...
#......#....(+.......## #####
#......#.....#....))## #....
#......#.....#......# #....
#......#.....#......# #....
#......#.....#....).# #....
#......#.....#......# #....
#......#######......# #.J..


You could see 2 yaks and a crimson imp.

Vanquished Creatures
  A hill giant (D:10)
  An ugly thing (D:10)
  2 trolls
  Grinder (D:5)
  5 slime creatures (D:11)
  Eustachio (D:5)
  A wyvern (D:8)
  A hungry ghost (D:11)
  3 yaks (D:11)
  2 hippogriffs (D:11)
  2 water moccasins
  3 orc warriors
  3 wasps
  A black bear (D:10)
  A necrophage (D:10)
  4 sky beasts
  A phantom (D:8)
  2 ogres
  5 centaurs
  2 big kobolds
  4 giant frogs
  A gnoll sergeant (D:8)
  A wyvern zombie (D:10)
  2 scorpions
  3 killer bees (D:8)
  9 wights
  2 howler monkeys
  The ghost of BrandedWarrior the Stinger, a weakling DEVM (D:3)
  4 crimson imps
  5 giant frog zombies
  A centaur skeleton (D:5)
  2 giant frog skeletons
  4 jellies
  A gnoll shaman (D:8)
  5 hounds
  4 orc priests
  8 orc wizards
  Ijyb (D:3)
  Jessica (D:2)
  3 worker ants
  Natasha (thrice) (D:2)
  2 iguanas
  A killer bee zombie (D:11)
  2 worker ant zombies
  Robin (D:2)
  11 adders
  9 gnolls (D:8)
  4 shadow imps
  An adder zombie (D:6)
  4 worms
  9 giant geckos
  42 orcs
  A ball python (D:1)
  5 giant cockroaches
  15 goblins
  18 hobgoblins
  18 jackals
  4 quokkas
  11 bats
  6 giant newts
  A jackal zombie (D:8)
  15 kobolds
  A quokka zombie (D:6)
  6 rats
294 creatures vanquished.

Vanquished Creatures (others)
  4 orcs
  A kobold (D:11)
5 creatures vanquished.

Grand Total: 299 creatures vanquished

Notes
Turn   | Place    | Note
--------------------------------------------------------------
     0 | D:1      | Kidiri the Hill Orc Monk began the quest for the Orb.
     0 | D:1      | Reached XP level 1. HP: 19/19 MP: 1/1
   455 | D:1      | Reached XP level 2. HP: 27/27 MP: 2/2
  1165 | D:1      | Reached XP level 3. HP: 33/33 MP: 3/3
  1760 | D:2      | Noticed Robin
  1786 | D:2      | Reached XP level 4. HP: 29/40 MP: 4/4
  1795 | D:2      | HP: 1/40 [Robin/spear (3)]
  2128 | D:2      | Reached skill level 1 in Throwing
  2243 | D:2      | Killed Robin
  2243 | D:2      | Reached skill level 1 in Armour
  2383 | D:2      | Noticed Jessica
  2386 | D:2      | Killed Jessica
  2386 | D:2      | Reached skill level 5 in Unarmed Combat
  2547 | D:2      | Reached XP level 5. HP: 44/47 MP: 5/5
  2879 | D:2      | Noticed Natasha
  2914 | D:2      | Killed Natasha
  3010 | D:2      | Noticed Natasha
  3021 | D:2      | Killed Natasha
  3117 | D:2      | Noticed Natasha
  3127 | D:2      | Killed Natasha
  3446 | D:3      | Noticed BrandedWarrior's ghost (weakling DEVM)
  3469 | D:3      | Killed BrandedWarrior's ghost
  3469 | D:3      | Reached XP level 6. HP: 28/55 MP: 6/6
  3871 | D:3      | Reached skill level 5 in Fighting
  4323 | D:3      | Gained mutation: You possess an exceptional clarity of mind. [potion of mutation]
  4323 | D:3      | Gained mutation: Your body sometimes deteriorates upon taking damage. [potion of mutation]
  4323 | D:3      | Gained mutation: You passively map a small area around you. [potion of mutation]
  4483 | D:3      | Noticed Ijyb
  4500 | D:3      | Killed Ijyb
  4590 | D:3      | Upgraded the game from 0.18-a0-1789-gbeff17f to 0.18-a0-1797-gc18daef
  4650 | D:3      | Reached XP level 7. HP: 16/61 MP: 7/7
  5908 | D:5      | Entered Level 5 of the Dungeon
  5908 | D:5      | Found a stormy altar of Qazlal.
  5908 | D:5      | Found a glowing silver altar of Zin.
  5910 | D:5      | Found a radiant altar of Vehumet.
  5910 | D:5      | Found a bloodstained altar of Trog.
  5913 | D:5      | Found a shadowy altar of Dithmenos.
  5932 | D:5      | Found a white marble altar of Elyvilon.
  6223 | D:5      | Noticed Eustachio
  6263 | D:5      | Killed Eustachio
  6263 | D:5      | Reached XP level 8. HP: 17/70 MP: 8/8
  6535 | D:5      | Noticed Grinder
  6614 | D:5      | Became a worshipper of Beogh the Brigand
  6614 | D:5      | Reached * piety under Beogh
  6614 | D:5      | Reached ** piety under Beogh
  6702 | D:5      | Found a blossoming altar of Fedhas.
  7331 | D:5      | Paralysed by Grinder for 4 turns
  7344 | D:5      | Killed Grinder
  7847 | D:6      | Found a staircase to the Ecumenical Temple.
  7856 | Temple   | Entered the Ecumenical Temple
  8069 | D:6      | Reached skill level 1 in Invocations
  8100 | D:6      | Reached XP level 9. HP: 24/79 MP: 2/9
  8505 | D:6      | Found an ancient bone altar of Kikubaaqudgha.
  8524 | D:6      | Gained mutation: You are robust (+10% HP). [mutagenic meat]
  8525 | D:6      | Gained mutation: Your muscles are strong. (Str +2) [mutagenic meat]
  8526 | D:6      | Lost mutation: Your body sometimes deteriorates upon taking damage. [mutagenic meat]
  8527 | D:6      | Gained mutation: You have large cloven feet. [mutagenic meat]
  8528 | D:6      | Gained mutation: You are very robust (+20% HP). [mutagenic meat]
  8675 | D:6      | Found a shimmering altar of Xom.
  8901 | D:7      | Reached skill level 5 in Dodging
 10094 | D:8      | Gained mutation: You passively map the area around you. [mutagenic meat]
 11043 | D:8      | Reached *** piety under Beogh
 11055 | D:8      | Reached XP level 10. HP: 65/108 MP: 12/12
 11817 | D:8      | Reached skill level 5 in Stealth
 12499 | D:9      | Lost mutation: You are very robust (+20% HP). [mutagenic meat]
 12609 | D:9      | Found an iron altar of Okawaru.
 12907 | D:10     | Entered Level 10 of the Dungeon
 12907 | D:10     | Noticed a hill giant
 12942 | D:10     | Found a flagged portal.
 13322 | D:10     | Got a creamy pearl robe
 13333 | D:10     | Identified the cursed +1 robe "Ukarph" {rN+ MP-9 Str+5 Dex-3} (You found it on level 10 of the Dungeon)
 13367 | D:10     | Noticed a red ugly thing
 13417 | D:10     | Killed a red ugly thing
 13422 | D:10     | Gained mutation: You have very sharp teeth. [mutagenic meat]
 13423 | D:10     | Lost mutation: You possess an exceptional clarity of mind. [mutagenic meat]
 13424 | D:10     | Gained mutation: Your mind is acute. (Int +2) [mutagenic meat]
 13425 | D:10     | Gained mutation: Your mind is very acute. (Int +4) [mutagenic meat]
 13809 | D:10     | Killed a hill giant
 14068 | D:10     | Reached skill level 5 in Armour
 14091 | D:10     | Reached **** piety under Beogh
 14247 | D:11     | Reached XP level 11. HP: 108/108 MP: 5/14
 14345 | D:11     | Found a staircase to the Orcish Mines.
 14435 | D:11     | Reached skill level 5 in Invocations
 14565 | D:11     | Found Verealac's Magic Scroll Shop.
 14588 | D:11     | Reached skill level 10 in Fighting
 14599 | D:11     | Reached skill level 10 in Unarmed Combat
 14616 | D:11     | Slain by a yak

Vault maps used:
D:1:      nicolae_arrival_memento_mori, nrook_mini_backslash
D:2:      small_statue_intersection, uniq_jessica, uniq_robin, uniq_natasha
D:3:      uniq_iyjb
D:5:      kennysheep_little_box, grunt_temple_overflow_open, first_bread,
          uniq_grinder, uniq_eustachio
D:6:      kiku_gazebo_garden_becter, minmay_temple_entry_grid, basic_altar,
          nicolae_lava_and_water
D:9:      basic_altar
D:10:     enter_bailey_2
D:11:     grunt_lair_entry_orc_guard_hut, david_orc_2, enter_bailey_7,
          serial_shops, nicolae_shop_stone
Temple:   water_room_temple_b_12

Skill      XL: |  1  2  3  4  5  6  7  8  9 10 11 |
---------------+----------------------------------+-----
Fighting       | 4 5 6 7 8 9 10 | 10.0
Throwing       | 1 2 3 4 |  4.7
Armour         | 1 2 3 4 5 |  5.4
Unarmed Combat | 5 6 7 8 9 10 | 10.0
Dodging        | 3 4 5 6 7 |  7.1
Stealth        | 2 3 4 5 |  5.6
Invocations    | 1 2 4 5 |  5.1

Action                   |  1- 3 |  4- 6 |  7- 9 | 10-12 || total
-------------------------+-------+-------+-------+-------++-------
Melee: Unarmed           |   149 |   252 |   656 |   364 ||  1421
       Punch             |     1 |     5 |    21 |    17 ||    44
       Bite              |       |       |       |    30 ||    30
Throw: Stone             |       |     2 |       |       ||     2
       Javelin           |       |       |     8 |    20 ||    28
Invok: Smiting           |       |       |     7 |     3 ||    10
       Convert to Beogh  |       |       |     1 |       ||     1
Evoke: Wand              |       |       |     3 |     4 ||     7
  Use: Scroll            |     3 |    11 |     7 |     3 ||    24
       Potion            |       |     7 |     7 |     4 ||    18
 Stab: Sleeping          |     6 |    10 |     9 |     3 ||    28
       Distracted        |       |       |       |     1 ||     1
  Eat: Chunk             |     3 |     5 |    20 |    14 ||    42
       Bread ration      |       |     1 |       |       ||     1
       Beef jerky        |       |       |     1 |     2 ||     3
       Royal jelly       |       |       |     1 |       ||     1
       Pizza             |       |       |     1 |       ||     1
       Fruit             |       |       |     5 |     4 ||     9
Armor: Robe              |    30 |    36 |   156 |    55 ||   277
       Leather armour    |       |       |       |    17 ||    17
Dodge: Dodged            |   110 |   124 |   519 |   206 ||   959
Block: Other             |       |    30 |   200 |    88 ||   318
       Reflection        |       |       |     1 |     4 ||     5
